 Dungeon Sprint DCSS version 0.27.1-1-g398f81649c (webtiles) character file.

Game seed: 12650226636581854127

9989 ugugthedestroyer the Champion of Chaos (level 11, -11/89 HPs)
             Began as a Demonspawn Gladiator on Sept 7, 2021.
             Was the Champion of Makhleb.
             Mangled by a phantasmal warrior (17 damage)
             ... in the Dungeon (Sprint VII: "The Pits").
             The game lasted 00:06:50 (1809 turns).

ugugthedestroyer the Champion of Chaos (DsGl)       Turns: 1809, Time: 00:06:50

Health: -11/89     AC: 16    Str: 26    XL:     11   Next: 30%
Magic:  25/26      EV: 16    Int:  9    God:    Makhleb [******]
Gold:   0          SH:  4    Dex: 14    Spells: 10/10 levels left

rFire    . . .     SeeInvis .   u - +2 scimitar "Demonspawn's Death" {freeze, *Rage rC- rCorr Str+7}
rCold    x . .     Faith    .   (no shield)
rNeg     . . .     Spirit   .   w - +5 ring mail
rPois    .         Reflect  .   v - +0 helmet
rElec    .         Harm     .   (no cloak)
rCorr    +         Rampage  .   (no gloves)
Will     .....     Rnd*Rage +   (no boots) Stlth +.........NoTele +
                                (no amulet)
HPRegen  0.24/turn              (no ring)
MPRegen  0.20/turn              (no ring)

@: weak-willed
A: hooves 1, icy blue scales 2, demonic guardian 2, condensation shield
a: Renounce Religion, Minor Destruction, Lesser Servant of Makhleb, Major
Destruction, Greater Servant of Makhleb


You were in the Dungeon.
You worshipped Makhleb.
Makhleb was exalted by your worship.
You visited 1 branch

Inventory:

Hand Weapons
 a - a +0 long sword
 k - a +2 falchion
 o - a +1 long sword of flaming
 u - the +2 scimitar "Demonspawn's Death" (weapon) {freeze, *Rage rC- rCorr Str+7}
   (You found it in the Dungeon)

   It freezes those it strikes, dealing additional cold damage.
   It can also slow down cold-blooded creatures.
   Str:       It affects your strength (+7).
   rC:        It makes you vulnerable to cold.
   *Rage:     It may make you go berserk in combat.
   rCorr:     It protects you from acid and corrosion.
Armour
 b - a +0 leather armour
 c - a +0 helmet
 p - a +3 ring mail
 v - a +0 helmet (worn)
 w - a +5 ring mail (worn)
 x - a +0 helmet
Jewellery
 q - a +3 ring of intelligence
 r - a +3 ring of protection
Scrolls
 j - a scroll of blinking
 m - 5 scrolls of amnesia
 n - a scroll of summoning
Potions
 e - 6 potions of curing
 f - 10 potions of heal wounds
 g - 2 potions of haste
 h - 4 potions of magic
 i - 4 potions of berserk rage
 l - 2 potions of invisibility
 s - 2 potions of brilliance
 t - a potion of might


   Skills:
 + Level 9.0 Fighting
 + Level 12.2 Long Blades
 - Level 1.7 Throwing
 + Level 8.1 Armour
 + Level 10.2 Dodging
 - Level 0.5 Stealth
 * Level 22.2 Invocations


You had 10 spell levels left.
You didn't know any spells.
Your spell library was empty.

Dungeon Overview and Level Annotations

Branches:
Dungeon (1/1)

Altars:
Ashenzari
Cheibriados
Dithmenos
Elyvilon
Fedhas
Gozag
Hepliaklqana
Kikubaaqudgha
Makhleb
Nemelex Xobeh
Okawaru
Qazlal
Ru
Sif Muna
Trog
Uskayaw
Vehumet
Wu Jian
Xom
Yredelemnul
Zin
The Shining One
Beogh
Jiyva
Lugonu


Innate Abilities, Weirdness & Mutations

You have large cloven feet.
You are mostly covered in icy blue scales. (AC +3)
A demonic guardian rushes to your aid.
A meltable shield of frost defends you. (SH +4)


Message History

The bolt of fire misses the orc high priest.
The orc high priest utters an invocation to Beogh.
The phantasmal warrior hits you.
* * * LOW HITPOINT WARNING * * *
A demonic guardian appears!
Your willpower is stripped away!
Press: ? - help, Shift-Dir - straight line, f/p - orc high priest
Aim: an orc high priest, wielding a +0 scimitar (severely wounded)
The bolt of acid hits the orc high priest!!
The orc high priest is splashed with acid.
The acid corrodes the orc high priest!
You kill the orc high priest!
Makhleb accepts your kill.
You feel better.
The rust devil disappears in a puff of smoke!
The ice devil disappears in a puff of smoke!
The phantasmal warrior hits you!
* * * LOW HITPOINT WARNING * * *
Your Invocations skill increases to level 22!
You don't have enough health at the moment.
You don't have enough health at the moment.
Okay, then.
You slash the orc! You freeze the orc.
You kill the orc!
Makhleb accepts your kill.
You feel better.
An orc warrior comes into view. It is wielding a +0 long sword.
Unknown command.
Unknown command.
Unknown command.
You closely miss the orc. The phantasmal warrior hits you.
* * * LOW HITPOINT WARNING * * *
Your rust devil hits the orc.
Your rust devil corrodes the orc!
Unknown command.
Unknown command.
Unknown command.
You slice the orc!! You freeze the orc.
You kill the orc!
Makhleb accepts your kill.
You feel better. The phantasmal warrior hits you!
You die...

..........#
#..#......#
..........+
..........+
#..#......#
..........#
###''######
.##))##############
.##.)....#...'†4@.#
.##....###...###)W.#
.##.).##.+...+
##o....#
.##))##..##)##
#o..##
.##.)#..##...## ...#
.##))#..#.....# ..)#
###.)+..÷÷÷...+ ..+
###..#.÷#.....# ..#
.##..#..##...##


You could see a phantasmal warrior (ally target), an orc warrior, an orc and a
friendly rust devil (summoned).

Vanquished Creatures
  Josephine (D)
  A death knight (D)
  5 death yaks (D)
  An orc high priest (D)
  A bog body (D)
  An orc sorcerer (D)
  A black mamba (D)
  An unseen horror (D)
  A troll (D)
  A tyrant leech (D)
  4 dream sheep (D)
  A flying skull (D)
  A shadow (D)
  4 wraiths (D)
  A basilisk (D)
  An acid dragon (D)
  A water moccasin (D)
  A floating eye (D)
  An ice beast (D)
  A phantom (D)
  A scorpion (D)
  A wight (D)
  2 quasits (D)
  A gnoll shaman (D)
  An orc wizard (D)
  A mummy (D)
  6 gnolls (D)
  2 adders (D)
  5 orcs (D)
  2 hobgoblins (D)
  2 jackals (D)
  2 ball pythons (D)
56 creatures vanquished.

Vanquished Creatures (collateral kills)
  A shadow wraith (D)
  3 dream sheep (D)
  A wraith (D)
  A gnoll sergeant (D)
  3 gnolls (D)
  An adder (D)
  A ball python (D)
  A bat (D)
  A jackal skeleton (D)
  A quokka zombie (D)
14 creatures vanquished.

Grand Total: 70 creatures vanquished

Notes
Turn   | Place    | Note
-------+----------+-------------------------------------------
     0 | D        | ugugthedestroyer the Demonspawn Gladiator began the quest
                  | for the Orb.
     0 | D        | Reached XP level 1. HP: 16/16 MP: 1/1
    48 | D        | Found a bloodstained altar of Trog.
    48 | D        | Found a shimmering blue altar of Sif Muna.
    48 | D        | Found a viscous altar of Jiyva.
    48 | D        | Found a hazy altar of Hepliaklqana.
    48 | D        | Found an opulent altar of Gozag.
    49 | D        | Found a basalt altar of Yredelemnul.
    49 | D        | Found a shimmering altar of Xom.
    49 | D        | Found an ornate altar of the Wu Jian Council.
    49 | D        | Found a sacrificial altar of Ru.
    49 | D        | Found a stormy altar of Qazlal.
    49 | D        | Found an iron altar of Okawaru.
    49 | D        | Found a sparkling altar of Nemelex Xobeh.
    49 | D        | Found a burning altar of Makhleb.
    49 | D        | Found a blossoming altar of Fedhas.
    49 | D        | Found a shadowy altar of Dithmenos.
    49 | D        | Found a snail-covered altar of Cheibriados.
    52 | D        | Found a corrupted altar of Lugonu.
    52 | D        | Found a radiant altar of Vehumet.
    53 | D        | Found an ancient bone altar of Kikubaaqudgha.
    53 | D        | Found a hide-covered altar of Uskayaw.
    53 | D        | Found a broken altar of Ashenzari.
    59 | D        | Became a worshipper of Makhleb the Destroyer
   112 | D        | Gained mutation: A weak demonic guardian rushes to your
                  | aid. [demonic ancestry]
   112 | D        | Reached XP level 2. HP: 6/23 MP: 2/2
   377 | D        | Reached * piety under Makhleb
   378 | D        | Noticed a floating eye
   381 | D        | Killed a floating eye
   382 | D        | Reached skill level 5 in Long Blades
   382 | D        | Reached skill level 1 in Armour
   382 | D        | Reached skill level 5 in Dodging
   382 | D        | Reached XP level 3. HP: 27/29 MP: 3/3
   382 | D        | Reached XP level 4. HP: 32/35 MP: 4/4
   385 | D        | Noticed a scorpion
   404 | D        | Reached ** piety under Makhleb
   410 | D        | Killed a scorpion
   411 | D        | Reached XP level 5. HP: 31/42 MP: 5/5
   479 | D        | Noticed a water moccasin
   480 | D        | Noticed a phantom
   488 | D        | Killed a water moccasin
   489 | D        | Reached skill level 3 in Invocations
   489 | D        | Gained mutation: You have large cloven feet. [demonic
                  | ancestry]
   489 | D        | Reached XP level 6. HP: 46/49 MP: 5/8
   490 | D        | Reached *** piety under Makhleb
   494 | D        | Reached skill level 4 in Invocations
   506 | D        | Reached **** piety under Makhleb
   507 | D        | Reached skill level 5 in Invocations
   528 | D        | Reached ***** piety under Makhleb
   664 | D        | Reached skill level 5 in Fighting
   664 | D        | Reached skill level 6 in Invocations
   666 | D        | Noticed a black mamba
   671 | D        | Killed a black mamba
   672 | D        | Reached skill level 7 in Invocations
   672 | D        | Gained mutation: You are partially covered in icy blue
                  | scales. (AC +2) [demonic ancestry]
   672 | D        | Reached XP level 7. HP: 51/57 MP: 10/12
   674 | D        | Noticed a flying skull
   688 | D        | Killed a flying skull
   689 | D        | Reached skill level 5 in Armour
   689 | D        | Reached skill level 8 in Invocations
   859 | D        | Noticed a shadow
   863 | D        | Gained mutation: A demonic guardian rushes to your aid.
                  | [demonic ancestry]
   863 | D        | Reached XP level 8. HP: 60/64 MP: 14/14
   881 | D        | Reached skill level 10 in Long Blades
   881 | D        | Reached skill level 9 in Invocations
   916 | D        | Got the +2 scimitar "Demonspawn's Death" {freeze, *Rage rC-
                  | rCorr Str+7}
  1025 | D        | Reached ****** piety under Makhleb
  1033 | D        | Killed an unseen horror
  1034 | D        | Reached skill level 10 in Invocations
  1054 | D        | Reached skill level 11 in Invocations
  1243 | D        | Noticed Josephine
  1262 | D        | Killed a shadow wraith
  1263 | D        | Reached skill level 12 in Invocations
  1268 | D        | Gained mutation: You are mostly covered in icy blue scales.
                  | (AC +3) [demonic ancestry]
  1268 | D        | Reached XP level 9. HP: 20/71 MP: 18/18
  1269 | D        | Killed Josephine
  1270 | D        | Reached skill level 14 in Invocations
  1271 | D        | Reached skill level 15 in Invocations
  1512 | D        | Reached skill level 16 in Invocations
  1523 | D        | Reached skill level 17 in Invocations
  1523 | D        | Gained mutation: A meltable shield of frost defends you.
                  | (SH +4) [demonic ancestry]
  1523 | D        | Reached XP level 10. HP: 60/80 MP: 22/22
  1531 | D        | Noticed an orc sorcerer
  1532 | D        | Noticed a soul eater
  1542 | D        | Killed an orc sorcerer
  1777 | D        | Noticed a death yak
  1777 | D        | Noticed a death yak
  1777 | D        | Noticed a death yak
  1778 | D        | Noticed a death yak
  1778 | D        | Noticed a death yak
  1783 | D        | Killed a death yak
  1784 | D        | Reached skill level 18 in Invocations
  1784 | D        | Killed a death yak
  1784 | D        | Killed a death yak
  1785 | D        | Reached skill level 10 in Dodging
  1785 | D        | Reached skill level 19 in Invocations
  1786 | D        | Killed a death yak
  1787 | D        | Reached skill level 20 in Invocations
  1788 | D        | Killed a death yak
  1789 | D        | Reached XP level 11. HP: 68/87 MP: 22/25
  1794 | D        | Noticed a death knight
  1795 | D        | Noticed a bog body
  1799 | D        | Killed a death knight
  1800 | D        | Reached skill level 21 in Invocations
  1800 | D        | Noticed a phantasmal warrior
  1801 | D        | Killed a bog body
  1801 | D        | Noticed an orc high priest
  1806 | D        | Killed an orc high priest
  1807 | D        | Reached skill level 22 in Invocations
  1809 | D        | Mangled by a phantasmal warrior

Illustrated notes

Levels and vault maps discovered:
D:        pitsprint [storerooms_1, entrance_room_1, metal_vault_6, armoury_2,
          mini_pit_1, grid_room_1, main_hall_1, silver_pit, the_coven_2,
          the_vestibule_1, steel_vault_3, golden_pit, hallway_of_sentries,
          crystal_vault_1, iron_vault_1, final_vault]

Skill      XL: |  1  2  3  4  5  6  7  8  9 10 11 |
---------------+----------------------------------+-----
Long Blades    | 3 5 6 7 9 10 11 12 | 12.2
Dodging        | 3 5 7 9 10 | 10.2
Fighting       | 3 4 5 6 7 8 9 |  9.0
Armour         | 1 2 4 5 6 7 8 |  8.1
Invocations    | 3 7 8 12 17 20 22 | 22.2
Throwing       | |  1.7
Stealth        | |  0.5

Action                   |  1- 3 |  4- 6 |  7- 9 | 10-12 || total
-------------------------+-------+-------+-------+-------++-------
Melee: Falchion          |    15 |    12 |       |       ||    27
       Long sword        |     1 |    47 |     8 |       ||    56
       Kick              |       |    12 |    16 |     9 ||    37
       Scimitar          |       |       |    30 |    21 ||    51
Invok: Minor Destruction |       |     1 |    10 |       ||    11
       Lesser Servant of |       |       |     3 |       ||     3
       Major Destruction |       |       |     4 |    18 ||    22
       Greater Servant o |       |       |     1 |     1 ||     2
 Stab: Distracted        |       |       |       |     1 ||     1
Armor: Leather armour    |     8 |     9 |       |       ||    17
       Ring mail         |       |    19 |    33 |     5 ||    57
Dodge: Dodged            |    28 |    50 |    59 |     1 ||   138
Block: Other             |       |       |       |     1 ||     1
       Rpst.: Falchion   |     7 |     3 |       |       ||    10
       Long sword        |       |     9 |     4 |       ||    13
       Scimitar          |       |       |     7 |     1 ||     8
